Map: Cyber Forest LE

Players

Draug - Winner!

  • Race: Protoss Protoss
  • League: Diamond
  • Spawn Location: 11:00

DRPAIN

  • Race: Zerg Zerg
  • League: Diamond
  • Spawn Location: 5:00

VOD

Have the link to the VOD?

Description

Time

  • Played on: Feb. 8, 2019, 4:44 p.m.
  • Length: 9:24
Show
View Real Time Build Order
Export as new Build Order

Draug Protoss - Winner!

Build Orders: 1 Gate Expand, Archon Immortal 

Get SALT Encoding   

  12  0:01  Probe  
  13  0:13  Probe  
  14  0:21  Pylon  
  14  0:25  Probe  
  15  0:35  Probe  
  15  0:42  Gateway  
  16  0:52  Assimilator  
  16  0:57  Probe  
  17  1:09  Probe  
  18  1:25  Probe  
  19  1:29  Pylon  
  19  1:34  Nexus  
  19  1:40  Probe  
  19  1:44  Cybernetics Core  
  20  1:52  Probe  
  20  1:53  Zealot  
  21  1:56  Assimilator  
  21  2:08  Pylon  
  23  2:15  Probe  
  24  2:24  Adept, Probe  
  24  2:25  Warp Gate  
  27  2:34  Probe  
  27  2:46  Adept, Probe  
  27  2:50  Probe  
  31  2:58  Probe  
  31  3:02  Twilight Council, Probe  
  33  3:10  Probe  
  34  3:14  Probe  
  34  3:17  Sentry  
  37  3:23  Probe  
  38  3:35  Probe  
  38  3:36  Probe  
  38  3:39  Gateway  
  40  3:41  Robotics Facility  
  40  3:44  Probe  
  40  3:45  Probe  
  42  3:50  Assimilator x2  
  42  3:53  Probe x2  
  42  3:54  Charge  
  44  4:13  Stalker  
  44  4:17  Pylon  
  44  4:19  Probe x2  
  44  4:29  Shield Battery  
  44  4:30  Shield Battery  
  44  4:33  Pylon  
  44  4:41  Immortal  
  44  4:43  Stalker  
  47  4:55  Pylon  
  47  4:57  Pylon  
  45  5:11  Zealot  
  46  5:18  Probe x2  
  46  5:19  Immortal  
  48  5:24  Gateway  
  48  5:28  Pylon  
  48  5:30  Probe x2  
  48  5:35  Pylon  
  54  5:41  Zealot  
  54  5:42  Probe x2  
  58  5:48  Templar Archives  
  58  5:51  Zealot  
  58  5:54  Probe x2  
  62  6:02  Zealot  
  64  6:06  Probe  
  64  6:09  Gateway  
  65  6:12  Probe  
  65  6:14  Immortal  
  65  6:17  Zealot  
  68  6:18  Probe  
  73  6:27  High Templar  
  73  6:30  Probe  
  76  6:34  Gateway  
  76  6:35  Pylon  
  76  6:46  Zealot  
  76  6:47  Zealot  
  78  6:50  Observer  
  78  6:52  Pylon  
  78  6:53  Probe x2  
  80  6:54  Pylon  
  80  7:00  High Templar  
  83  7:05  Zealot, Probe  
  83  7:08  Immortal  
  86  7:10  Probe  
  86  7:12  High Templar  
  86  7:13  High Templar  
  91  7:17  Probe  
  96  7:26  Nexus  
  96  7:29  Pylon  
  96  7:33  High Templar x3  
  102  7:38  Archon x2  
  102  7:42  Immortal  
  102  7:50  Zealot x2  
  106  7:57  Pylon  
  110  8:07  Forge  
  110  8:09  Forge  
  110  8:28  Archon  
  108  8:41  Zealot x5  
  114  9:06  Zealot x5  
  114  9:07  Probe x3  
  117  9:20  Nexus  
Show
View Real Time Build Order
Export as new Build Order

DRPAIN Zerg 

Build Orders: Pool First 

Get SALT Encoding   

  12  0:01  Drone  
  13  0:13  Overlord  
  13  0:19  Drone  
  14  0:31  Drone  
  14  0:32  Drone  
  16  0:36  Drone  
  17  0:46  Drone  
  18  0:50  Extractor  
  18  0:56  Drone  
  18  1:00  Spawning Pool  
  17  1:07  Drone  
  18  1:22  Drone  
  19  1:43  Hatchery, Drone x2  
  20  1:48  Queen  
  20  1:52  Overlord  
  22  2:11  Zergling x2  
  22  2:13  Metabolic Boost  
  22  2:14  Zergling x2  
  24  2:23  Extractor  
  24  2:24  Drone  
  24  2:37  Queen  
  24  2:38  Overlord  
  24  2:42  Roach Warren  
  25  2:44  Drone  
  26  3:00  Queen  
  26  3:03  Drone x2  
  26  3:04  Spore Crawler  
  26  3:05  Drone  
  30  3:06  Overlord  
  30  3:12  Overlord  
  30  3:25  Roach  
  30  3:26  Roach  
  34  3:33  Roach x2  
  36  3:50  Roach x2  
  40  3:56  Zergling x6  
  40  3:58  Ravager x2  
  40  4:00  Ravager  
  46  4:28  Drone x5  
  46  4:29  Drone x3  
  41  5:18  Drone x3  
  41  5:19  Drone x6  
  41  5:20  Drone x3  
  55  5:29  Lair  
  55  5:31  Roach x2  
  55  5:33  Hatchery  
  56  5:37  Spore Crawler, Extractor x2  
  53  5:44  Drone x2  
  55  6:01  Drone  
  55  6:03  Drone x2  
  58  6:12  Drone  
  58  6:13  Drone  
  58  6:14  Overlord x2  
  58  6:15  Overlord  
  60  6:20  Extractor  
  60  6:24  Ravager  
  60  6:32  Queen  
  62  6:36  Evolution Chamber x2, Hydralisk Den  
  59  6:44  Zergling x16  
  59  6:45  Queen  
  69  6:53  Zergling x6  
  72  7:06  Zerg Missile Weapons Level 1  
  72  7:07  Zerg Ground Armor Level 1  
  72  7:09  Grooved Spines, Hydralisk  
  72  7:10  Hydralisk x3  
  80  7:18  Overseer  
  80  7:20  Drone x3  
  80  7:21  Drone x2  
  85  7:39  Drone x2  
  85  7:40  Drone x3  
  85  7:41  Overlord x3  
  88  7:49  Hydralisk x2  
  89  7:59  Overlord x3  
  89  8:01  Roach x2  
  93  8:17  Roach x6  
  93  8:18  Roach  
  82  8:36  Roach  
  82  8:37  Roach x6  
  82  8:40  Roach x2  
  80  8:49  Hydralisk  
  80  8:50  Hydralisk x3  
  73  9:12  Ravager  
Tags
 
Add a new tag
Caveats
  • Supply blocks, unpowered buildings, or Contaminate may cause inaccurate times.
  • Supply counts are checked every 10 seconds.